 Dungeon Crawl Stone Soup version 0.32-a0-20-ge526923d97 (webtiles) character file.

Game seed: 15209475144196075684

26 cforsyth the Changeling (level 3, -1/36 HPs)
             Began as an Oni Shapeshifter on Jan 17, 2024.
             Slain by a ribbon worm (6 damage)
             ... on level 2 of the Dungeon.
             The game lasted 00:00:43 (971 turns).

cforsyth the Changeling (Oni Shapeshifter)           Turns: 971, Time: 00:00:44

Health: -1/36      AC:  3    Str: 20    XL:     3   Next: 8%
Magic:  3/3        EV:  9    Int: 11    God:
Gold:   88         SH:  0    Dex:  8    Spells: 2/2 levels left

rFire   . .          .
                       - Unarmed
rCold   . . .        (no shield)
rNeg    . . .        a - +0 animal skin
rPois   .            (helmet currently unavailable)
rElec   .            (cloak currently unavailable)
rCorr   .            (gloves unavailable)
SInv    .            (boots unavailable)
Will    .....        (no amulet)
Stlth   +            (no ring)
HPRegen 0.26/turn    (no ring)
MPRegen 0.08/turn

%: no passive effects
@: beast-form
A: beast (slay +1), large, unfitting armour, horns 1, tough skin 1, double
potion healing, drunken brawling
a: Begin Untransformation


You were on level 2 of the Dungeon.
You were a hulking beast.
You visited 1 branch of the dungeon, and saw 2 of its levels.

You collected 88 gold pieces.

Inventory:

Armour
 a - a +0 animal skin (worn)
Talismans
 c - a beast talisman
 d - a flux talisman
Scrolls
 e - a scroll of amnesia {unknown}
 f - 3 scrolls of identify {unknown}
Potions
 b - a potion of lignification


   Skills:
 + Level 2.5 Fighting
 - Level 1.7 Dodging
 + Level 3.1 Unarmed Combat
 + Level 3.3 Shapeshifting


You had 2 spell levels left.
You didn't know any spells.
Your spell library contained the following spells:

 Spells                   Type           Power      Damage    Failure   Level
 Freeze                   Ice            0%         1d3       34%         1
 Frozen Ramparts          Ice            0%         1d1       71%         3
 Hailstorm                Conj/Ice       0%         3d5       71%         3


Dungeon Overview and Level Annotations

Branches:
Dungeon (2/15)

Altars:


Innate Abilities, Weirdness & Mutations

You are a hulking beast.
Your limbs bulge with bestial killing power. (Slay +1)
You are too large for most types of armour.
You have a pair of small horns on your head.
You have tough skin. (AC +1)
You gain doubled healing and magic from potions.
Whenever you drink a healing potion, you attack all around you.


Message History

You kill the hobgoblin!
You hit the ribbon worm.
The ribbon worm is moderately wounded.
The ribbon worm bites you.
You hit the ribbon worm.
The ribbon worm is heavily wounded.
The ribbon worm bites you!
You punch the ribbon worm!
The ribbon worm is severely wounded.
You barely miss the ribbon worm.
The ribbon worm is severely wounded.
The ribbon worm expels a string of sticky webbing.
The stream of webbing hits you but does no damage.
You are caught in a web!
You are caught in a web!
You are caught in a web!
You are caught in a web!
You are caught in a web!
You are caught in a web!
You are caught in a web!
You are caught in a web!
You struggle to detach yourself from the web.
The ribbon worm bites you.
You struggle to detach yourself from the web.
The ribbon worm completely misses you.
You struggle to detach yourself from the web.
The ribbon worm bites you!
You struggle to detach yourself from the web.
You struggle to detach yourself from the web.
The ribbon worm bites you!
* * * LOW HITPOINT WARNING * * *
You struggle to detach yourself from the web.
The ribbon worm expels a string of sticky webbing.
The stream of webbing hits you but does no damage.
You are even more entangled.
You struggle to detach yourself from the web.
The ribbon worm bites you.
* * * LOW HITPOINT WARNING * * *
The web tears apart.
The ribbon worm bites you.
You die...

... ##... #. #...
... #..# ..##
#..#....#
#.......#
#.##....## ..
#w##..... #.[
#h##.... ....
##.#....##....
#..#.....>.#
#.##.....#
##.##....##
#..##....#
##.###....# #
#....#<...#...
#....#...........


You could see a ribbon worm (catching breath).

Vanquished Creatures
  A bat (D:2)
  2 endoplasms (D:1)
  A giant cockroach (D:1)
  5 hobgoblins
  2 jackals (D:1)
  2 quokkas (D:1)
  A ball python (D:1)
  5 kobolds (D:1)
  4 rats (D:1)
23 creatures vanquished.

Notes
Turn   | Place    | Note
-------+----------+-------------------------------------------
     0 | D:1      | cforsyth the Oni Shapeshifter began the quest for the Orb.
     0 | D:1      | Reached XP level 1. HP: 19/19 MP: 1/1
   223 | D:1      | Reached XP level 2. HP: 28/28 MP: 2/2
   923 | D:2      | Reached XP level 3. HP: 36/36 MP: 3/3
   971 | D:2      | Slain by a ribbon worm

Illustrated notes

Levels and vault maps discovered:
D:1:      dpeg_arrival_three_smaller_balls, layout_basic
D:2:      layout_rooms, basic_altar, chequers_ecumenical_altar_island,
          serial_shops, nicolae_shop_waterfront, uniq_crazy_yiuf_cottage,
          uniq_natasha

Skill      XL: |  1  2 |
---------------+-------+-----
Fighting       | 2 |  2.5
Unarmed Combat | 3 |  3.1
Dodging        | |  1.7
Shapeshifting  | |  3.3

Action                     || total
---------------------------++-------
  Melee: Unarmed           ||    59
         Headbutt          ||     8
 Armour: Animal skin       ||    44
  Dodge: Dodged            ||    26

Table legend: (Time is in decaauts)
 A = Elapsed time spent in this place.
 B = Non-inter-level travel time spent in this place.
 C = Inter-level travel time spent in this place.
 D = Time resting spent in this place.
 E = Time spent auto-exploring this place.
 F = Levels seen in this place.
 G = Mean time per level.
                   A        B        C        D        E       F      G
               +--------+--------+--------+--------+--------+-----+--------+
         Total |    967 |    952 |     15 |      0 |    816 |   2 |  483.5 |
       Dungeon |    967 |    952 |     15 |      0 |    816 |   2 |  483.5 |
               +--------+--------+--------+--------+--------+-----+--------+

Top non-repeatable levels by time:
     D:1: 915 daAuts
     D:2: 52 daAuts
